 Dungeon Crawl Stone Soup version 0.21.1-1-g345015f (webtiles) character file.

159 inc the Ducker (level 5, -10/22 HPs)
             Began as a Felid Ice Elementalist on Mar 4, 2018.
             Was a Follower of Ashenzari.
             Killed by divine providence
             ... invoked by an orc priest
              (12 damage)
             ... on level 5 of the Dungeon.
             The game lasted 00:10:22 (5225 turns).

inc the Ducker (Felid Ice Elementalist)             Turns: 5225, Time: 00:10:22

Health: -10/22     AC:  1    Str:  4    XL:     5   Next: 17%
Magic:  6/9        EV: 22    Int: 18    God:    Ashenzari [*.....]
Gold:   104        SH:  0    Dex: 16    Spells: 4/8 levels left
                                        Lives:  0   Deaths: 1

rFire    . . .     SeeInvis +     - Unarmed
rCold    . . .     Gourm    .   (shield unavailable)
rNeg     + . .     Faith    .   (armour unavailable)
rPois    .         Spirit   .   (helmet unavailable)
rElec    .         Reflect  .   (cloak unavailable)
rCorr    .         Harm     .   (gloves unavailable)
MR       .....                  (boots unavailable)
Stlth    +++.......             r - amulet of rage
HPRegen  0.07/turn              c - ring of positive energy
MPRegen  0.11/turn              (no ring)

@: berserk cooldown, very slightly contaminated, slowed, slow
A: very small, no armour, no weapons or thrown items, stealth, claws 1, fangs 3,
see invisible, carnivore, speed 1, shaggy fur 1, slow metabolism 1, sharp paws
a: Curse Item, Scrying, Renounce Religion, Evoke Berserk Rage


You were on level 5 of the Dungeon.
You worshipped Ashenzari.
Ashenzari was aware of your devotion.
You were not hungry.

You visited 1 branch of the dungeon, and saw 5 of its levels.

You collected 104 gold pieces.

Inventory:

Jewellery
 c - a ring of positive energy (left paw)
 r - an amulet of rage (around neck)
Wands
 o - a wand of paralysis (15)
Scrolls
 d - 3 scrolls of enchant armour
 f - 2 scrolls of random uselessness {unknown}
 g - a scroll of teleportation {unknown}
 l - a scroll of magic mapping {unknown}
 n - 2 scrolls of blinking {unknown}
 p - a scroll of immolation {unknown}
 q - a scroll of enchant weapon {unknown}
Potions
 e - a potion of invisibility {unknown}
 h - a potion of curing {unknown}
 i - a potion of magic
 j - a potion of heal wounds {unknown}
 k - 2 potions of haste
 m - 2 potions of brilliance
Books
 a - a book of Frost

   Spells                             Type                      Level
   a - Freeze                         Ice                          1
   b - Throw Frost                    Conjuration/Ice              2
   c - Ozocubu's Armour               Charms/Ice                   3
   d - Throw Icicle                   Conjuration/Ice              4
   e - Summon Ice Beast               Ice/Summoning                4
Comestibles
 b - 2 rations


   Skills:
 - Level 2.0 Fighting
 - Level 6.2 Dodging
 - Level 2.6 Stealth
 + Level 2.1 Unarmed Combat
 - Level 2.3 Spellcasting
   Level 0.8 Conjurations
 - Level 3.4 Ice Magic


You had 4 spell levels left.
You knew the following spells:

 Your Spells              Type           Power        Failure   Level  Hunger
a - Freeze                Ice            ##..         4%          1    #......
b - Ozocubu's Armour      Chrm/Ice       #.......     26%         3    ###....


Dungeon Overview and Level Annotations

Branches:
Dungeon (4/15)             Temple (0/1) D:5

Altars:
Ashenzari
Nemelex Xobeh
Uskayaw

Shops:
D:5 :

Annotations:
D:2 1 runed door
D:3 bmj180's ghost, amateur HaBe


Innate Abilities, Weirdness & Mutations

You cannot wear armour.
You are incapable of wielding weapons or throwing items.
Your paws allow you to move quietly. (Stealth)
You have sharp claws.
You have razor-sharp teeth.
You have supernaturally acute eyesight. (SInv)
You are carnivorous and can eat meat at any time.
You cover ground quickly.
You are covered in fur. (AC +1)
You have a slow metabolism.
Your sharp claws are effective at attacking unaware monsters.


Message History

Press: ? - help, Shift-Dir - straight line, f/p - orc wizard
Aim: an orc wizard, wielding a dagger and wearing a robe (severely wounded, fast)
You freeze the orc wizard.
The orc wizard is severely wounded.
The orc wizard misses you.
Casting: Freeze
Confirm with . or Enter, or press ? or * to list all spells.
Aiming: Freeze
Press: ? - help, Shift-Dir - straight line, f/p - orc wizard
Aim: an orc wizard, wielding a dagger and wearing a robe (severely wounded, fast)
You miscast Freeze.
You are very lightly contaminated with residual magic.
Nothing appears to happen.
The orc wizard points at you and mumbles some strange words.
You feel as though you will be slow longer.
The orc wizard misses you. The orc wizard completely misses you.
The orc priest calls down the wrath of Beogh upon you.
Beogh smites you!
Ouch! That really hurt!
You die...

#..........#
##..........#
#######
[...........#
.......
............#
.......
............#
.......
............#
..(....
...######.###
....... ...#
#.#########.......
...#
#...).)†@oo.......
...#
###########.......
...# ...$... ..##
....... ..#
....... ###
....... ...o∩..
.......


You could see an orc priest and an orc wizard.

Vanquished Creatures
  A crimson imp (D:5)
  An orc wizard (D:3)
  A hound zombie (D:3)
  3 gnolls
  7 adders
  An ooze (D:1)
  An adder skeleton (D:5)
  A worm (D:3)
  3 dart slugs
  14 orcs
  A ball python (D:4)
  2 giant cockroaches
  10 goblins
  3 hobgoblins
  3 jackals (D:3)
  2 quokkas
  7 bats
  4 frilled lizards
  11 kobolds
  A leopard gecko zombie (D:5)
  4 rats
81 creatures vanquished.

Notes
Turn   | Place    | Note
-------+----------+-------------------------------------------
     0 | D:1      | inc the Felid Ice Elementalist began the quest for the Orb.
     0 | D:1      | Reached XP level 1. HP: 7/7 MP: 4/4
   402 | D:1      | Reached skill level 1 in Fighting
   402 | D:1      | Reached XP level 2. HP: 9/12 MP: 0/6
   466 | D:1      | Found a shattered altar of Ashenzari.
   476 | D:1      | Became a worshipper of Ashenzari the Shackled
   954 | D:1      | Reached skill level 3 in Dodging
  1043 | D:1      | Reached XP level 3. HP: 6/16 MP: 3/7
  1121 | D:1      | Learned a level 3 spell: Ozocubu's Armour
  1498 | D:2      | Reached skill level 4 in Dodging
  1631 | D:2      | Reached * piety under Ashenzari
  1807 | D:2      | Found a faded altar of an unknown god.
  1815 | D:2      | Found a hide-covered altar of Uskayaw.
  1902 | D:2      | Found a runed door.
  1927 | D:2      | Reached XP level 4. HP: 12/19 MP: 5/8
  3102 | D:3      | Noticed bmj180's ghost (amateur HaBe)
  3170 | D:2      | Reached skill level 5 in Dodging
  3955 | D:2      | Reached XP level 5. HP: 22/22 MP: 6/9
  3995 | D:3      | Reached skill level 6 in Dodging
  4202 | D:3      | Found a sparkling altar of Nemelex Xobeh.
  4786 | D:4      | You fall through a shaft!
  4786 | D:5      | Entered Level 5 of the Dungeon
  4878 | D:5      | Reached skill level 1 in Unarmed Combat
  4907 | D:5      | Noticed an ogre
  4908 | D:5      | Noticed a centaur
  5121 | D:5      | Found a staircase to the Ecumenical Temple.
  5159 | D:5      | Found Voxoq's Book Shop.
  5186 | D:5      | Killed from afar by an orc priest
  5187 | D:5      | Reached XP level 4. HP: -1/19 MP: 1/8
  5215 | D:5      | Reached XP level 5. HP: 22/22 MP: 9/9
  5225 | D:5      | Killed from afar by an orc priest

Skill      XL: |  1  2  3  4  5 |
---------------+----------------+-----
Ice Magic      | 3 |  3.4
Fighting       | 1 2 |  2.0
Dodging        | 3 4 5 6 |  6.2
Unarmed Combat | 2 1 |  2.1
Stealth        | |  2.6
Spellcasting   | |  2.3
Conjurations   | |  0.8

Action                   |  1- 3 |  4- 6 || total
-------------------------+-------+-------++-------
Melee: Unarmed           |    22 |    55 ||    77
       Bite              |     2 |     3 ||     5
 Cast: Freeze            |    37 |   100 ||   137
       Ozocubu's Armour  |     1 |     2 ||     3
 Abil: Evoke Berserk Rag |       |     1 ||     1
  Use: Scroll            |       |     4 ||     4
 Stab: Sleeping          |    10 |     6 ||    16
  Eat: Chunk             |     5 |     5 ||    10
Armor: Skin              |     2 |     9 ||    11
Dodge: Dodged            |    40 |   134 ||   174
